[Event "*** MasterClass Titled Tuesday Blitz"]
[Site "Chess.com"]
[Date "2017.11.07"]
[Round "4"]
[White "Iball95"]
[Black "grzechu96"]
[Result "1-0"]
[WhiteElo "2588"]
[BlackElo "2433"]
[TimeControl "180+2"]
[EndTime "14:59:50 PST"]
[Termination "Iball95 won by resignation"]

1. c4 e5 2. Nc3 Nf6 3. Nf3 Nc6 4. e3 Bb4 5. Qc2 Bxc3 6. bxc3 Qe7 7. e4 O-O 8. Be2 d6 9. O-O b6 10. d3 h6 11. h3 a5 12. Nh2 Re8 13. f4 exf4 14.
Bxf4 Ne5 15. Nf3 Ng6 16. Bh2 Bb7 17. Nd4 Nh4 18. Qd2 c5 19. Nb5 d5 20. cxd5 Bxd5 21. Nc7 Bxe4 22. dxe4 Nxe4 23. Qe3 Nxc3 24. Qxc3 Qxe2 25.
Rf2 Qh5 26. Nxa8 Rxa8 27. Raf1 Qg5 28. Bf4 Qg6 29. Bg3 1-0

[Event "*** MasterClass Titled Tuesday Blitz"]
[Site "Chess.com"]
[Date "2017.11.07"]
[Round "4"]
[White "Jadeit90"]
[Black "Grebeniuk-S"]
[Result "1-0"]
[WhiteElo "2310"]
[BlackElo "2430"]
[TimeControl "180+2"]
[EndTime "14:59:51 PST"]
[Termination "Jadeit90 won by resignation"]

1. g3 f5 2. Bg2 Nf6 3. Nf3 g6 4. O-O Bg7 5. c4 O-O 6. Nc3 d6 7. d3 Nc6 8. Rb1 a5 9. a3 Nh5 10. Bd2 f4 11. b4 axb4 12. axb4 Bg4 13. b5 Nd4 14. Nxd4 Bxd4 15. h3 fxg3 16. hxg4 Bxf2+ 17. Rxf2 gxf2+ 18. Kh2 Nf4 19. Bf3 e6 20. Kg3 Qg5 21.
Ne4 Qe5 22. Bxf4 Qxf4+ 23. Kxf2 Qxg4 24. Qh1 Ra2 25. Rg1 Qf4 26. Qh3 Qe5 27. Rg5 Qd4+ 28. Kg2 Rf5 29. Rxf5 exf5 30. Ng5 h5 31. Ne6 Qe3 32.
Nxc7 Ra1 33. Qh2 g5 34. Nd5 g4 35. Nxe3 1-0

[Event "*** MasterClass Titled Tuesday Blitz"]
[Site "Chess.com"]
[Date "2017.11.07"]
[Round "4"]
[White "maciek_92"]
[Black "chessking2151"]
[Result "1-0"]
[WhiteElo "2555"]
[BlackElo "2398"]
[TimeControl "180+2"]
[EndTime "14:59:54 PST"]
[Termination "maciek_92 won by checkmate"]

1. c4 Nf6 2. Nc3 e6 3. Nf3 Bb4 4. Qb3 Nc6 5. a3 Be7 6. d4 d6 7. Bf4 O-O 8. e3 Nh5 9. Bg3 f5 10. Bd3 b6 11. Qc2 Bb7 12. d5 Nb8 13. dxe6 Bxf3 14. gxf3 g6 15. O-O-O c6 16. Kb1 Qc8 17. Bf4 Qxe6 18. Bh6 Rd8 19. Rhg1 Kh8 20. Ne2 Bf8 21.
Bg5 Re8 22. Nd4 Qf7 23. Bxf5 c5 24. Be4 cxd4 25. Bxa8 dxe3 26. Bd5 Qg7 27. fxe3 Nd7 28. f4 Ndf6 29. e4 h6 30. Bxf6 Qxf6 31. e5 dxe5 32.
Rxg6 Qxf4 33. Rg8# 1-0

[Event "*** MasterClass Titled Tuesday Blitz"]
[Site "Chess.com"]
[Date "2017.11.07"]
[Round "4"]
[White "LuisFSiles"]
[Black "AbdAlAgathos"]
[Result "0-1"]
[WhiteElo "2177"]
[BlackElo "2229"]
[TimeControl "180+2"]
[EndTime "14:59:58 PST"]
[Termination "AbdAlAgathos won by resignation"]

1. e4 e6 2. d4 d5 3. Nc3 Bb4 4.
Ne2 dxe4 5. a3 Bxc3+ 6. Nxc3 Nc6 7. Bb5 Ne7 8. Nxe4 Qd5 9. Qd3 O-O 10. Be3 f5 11. Nc3 Qxg2 12. O-O-O f4 13. Bd2 Qg6 14. Ne4 Qf5 15. Rhg1 h6 16. f3 Bd7 17. Rg4 g6 18.
Bxf4 h5 19. Bxc6 Bxc6 20. Bg5 hxg4 21. Bxe7 gxf3 22. Bxf8 Bxe4 23. Qc4 Rxf8 24. Qxc7 f2 25. Rf1 Bg2 26. Qc4 Bxf1 27. Qxf1 Qf4+ 28. Kb1 Qe3 29. Ka2 Qe1 30. Qg2 Kg7 31. Qxb7+ Rf7 0-1

[Event "*** MasterClass Titled Tuesday Blitz"]
[Site "Chess.com"]
[Date "2017.11.07"]
[Round "4"]
[White "Hikaru"]
[Black "Rodalquilar"]
[Result "1-0"]
[WhiteElo "2989"]
[BlackElo "2510"]
[TimeControl "180+2"]
[EndTime "14:59:59 PST"]
[Termination "Hikaru won by resignation"]

1. b3 d5 2. Bb2 Bf5 3. Nf3 e6 4. g3 Nf6 5. Nh4 Bg4 6. h3 Bh5 7. d3 a5 8. a3 c6 9. Nd2 Nbd7 10. g4 Ng8 11. Nf5 exf5 12. gxh5 Ngf6 13. e3 g6 14. e4 fxe4 15. dxe4 Qe7 16. Qe2 Bh6 17. exd5 Bxd2+ 18. Kxd2 Ne4+ 19. Kc1 O-O 20. dxc6 Ndc5 21. Qe3 Rad8 22. hxg6 fxg6 23. Bc4+ Rf7 24. Qh6 Nf6 25. c7 Rc8 26. h4 b5 27. h5 bxc4 28. hxg6 Rff8 29.
gxh7+ Kh8 30. Rg1 Nd7 31. Kb1 Rxc7 32. Ka2 cxb3+ 33. cxb3 Rc2 34. Rae1 Qf7 35. Rg8+ Rxg8 36. hxg8=Q+ Kxg8 37.
Rg1+ 1-0

[Event "*** MasterClass Titled Tuesday Blitz"]
[Site "Chess.com"]
[Date "2017.11.07"]
[Round "4"]
[White "pandamaster3000"]
[Black "LastHeroJr"]
[Result "0-1"]
[WhiteElo "2278"]
[BlackElo "2386"]
[TimeControl "180+2"]
[EndTime "14:59:59 PST"]
[Termination "LastHeroJr won by resignation"]

1. e4 e5 2. Nf3 Nc6 3. Bb5 a6 4. Ba4 Nf6 5. d4 exd4 6. O-O Be7 7. Re1 b5 8. Bb3 d6 9. Bd5 Nxd5 10. exd5 Ne5 11. Nxd4 O-O 12. a4 Bd7 13. f4 Ng6 14. Nc3 b4 15. Ne4 Bf6 16. c3 bxc3 17. bxc3 Re8 18. g3 Bxd4+ 19. Qxd4 f5 20. Bd2 fxe4 21. Rxe4 Rxe4 22. Qxe4 Qe8 23. Qd3 Bxa4 24. Re1 Qd7 25. c4 Re8 26. Ra1 Rb8 27. Qa3 Bc2 28. Qxa6 Re8 29.
Qa2 Be4 30. Re1 Nh4 31. Kf2 Qh3 32. gxh4 Qf3+ 0-1

[Event "*** MasterClass Titled Tuesday Blitz"]
[Site "Chess.com"]
[Date "2017.11.07"]
[Round "4"]
[White "chidori_boruto"]
[Black "pastouche06"]
[Result "1-0"]
[WhiteElo "2537"]
[BlackElo "2337"]
[TimeControl "180+2"]
[EndTime "14:59:59 PST"]
[Termination "chidori_boruto won on time"]

1. d4 Nf6 2. Nf3 g6 3. Bf4 Bg7 4. e3 d6 5. Be2 O-O 6. O-O Nbd7 7. h3 b6 8. c4 Qe8 9. Bh2 Bb7 10. Nc3 e6 11. Rc1 a6 12. b4 Ne4 13. Nxe4 Bxe4 14. Nd2 Bb7 15. Bf3 Bxf3 16. Qxf3 f5 17. Qc6 Qc8 18.
c5 bxc5 19. bxc5 dxc5 20. Qxe6+ Kh8 21. dxc5 Rf6 22. Qc4 Rc6 23. Qd5 Rf6 24. Nf3 Rb8 25. Rfd1 Nf8 26. Be5 Re6 27. Bf4 Qe8 28. Bxc7 Rc8 29.
Bg3 h6 30. Nd4 Re7 31. Bd6 Rd7 32. c6 Rf7 33. Bxf8 Qxf8 34. Ne6 Qe8 35. Nxg7 Rxg7 36. Rc5 Rgc7 37. Rdc1 Qe4 38. Qxe4 fxe4 39. Kf1 Kg7 40. Ke2 Kf6 41. R1c4 Re8 42. Ra4 1-0

[Event "*** MasterClass Titled Tuesday Blitz"]
[Site "Chess.com"]
[Date "2017.11.07"]
[Round "4"]
[White "AndrewMcStone"]
[Black "djogrodek1"]
[Result "0-1"]
[WhiteElo "2072"]
[BlackElo "2346"]
[TimeControl "180+2"]
[EndTime "15:00:00 PST"]
[Termination "djogrodek1 won on time"]

1. d4 Nf6 2. c4 e6 3. Nc3 Bb4 4. f3 c5 5. d5 b5 6. e4 O-O 7. Nh3 bxc4 8. Bxc4 exd5 9. Bxd5 Nxd5 10. Qxd5 Ba6 11.
Kf2 Nc6 12. Be3 Rb8 13. Rhd1 Nd4 14. Rac1 Qh4+ 15. Kg1 Nxf3+ 16. Kh1 Bxc3 17. Rxc3 Bb7 18. Qf5 Bxe4 19. Qxc5 Ne1 20. Bf2 Bxg2+ 21. Kg1 Qg4 22.
Rg3 Qxd1 0-1

[Event "*** MasterClass Titled Tuesday Blitz"]
[Site "Chess.com"]
[Date "2017.11.07"]
[Round "4"]
[White "josiwales"]
[Black "Saitama_Hero"]
[Result "1-0"]
[WhiteElo "2363"]
[BlackElo "2146"]
[TimeControl "180+2"]
[EndTime "15:00:04 PST"]
[Termination "josiwales won by resignation"]

1. e4 d6 2. d4 g6 3. Nc3 Bg7 4. f4 Nf6 5. Nf3 O-O 6. Be2 Na6 7. O-O c5 8. h3 cxd4 9. Nxd4 Nc5 10. Bf3 Qb6 11.
Kh1 e5 12. fxe5 dxe5 13. Nb3 Ne6 14. Nd5 Nxd5 15. exd5 Nd4 16. Nxd4 exd4 17. Re1 Bf5 18. g4 Bd7 19. Bf4 Rac8 20. b3 d3 21. c4 Qd4 22.
Qd2 Rfe8 23. Kg2 Rxe1 24. Rxe1 b5 25. Be3 Qb2 26. Qxb2 Bxb2 27. c5 Ba3 28. c6 Be8 29. Bd2 Bd6 30. Re3 f5 31. Rxd3 Bf7 32. gxf5 gxf5 33.
Be3 f4 34. Bxa7 Ra8 35. Bf2 Rxa2 36. Rc3 b4 37. c7 bxc3 38. c8=Q+ Kg7 39. Qxc3+ Kg6 40.
Be4+ Kg5 41. Qg7+ Bg6 42. h4+ Kg4 43. Bxg6 f3+ 44. Kf1 Ra1+ 45. Qxa1 1-0

[Event "*** MasterClass Titled Tuesday Blitz"]
[Site "Chess.com"]
[Date "2017.11.07"]
[Round "4"]
[White "GMKrikor"]
[Black "Dr-Bassem"]
[Result "0-1"]
[WhiteElo "2605"]
[BlackElo "2586"]
[TimeControl "180+2"]
[EndTime "15:00:15 PST"]
[Termination "Dr-Bassem won by resignation"]

1. e4 e5 2. Nf3 Nc6 3. Bb5 a6 4. Ba4 Nf6 5. O-O Be7 6. Re1 b5 7. Bb3 d6 8. c3 O-O 9. h3 Nb8 10. d4 Nbd7 11. Nbd2 Bb7 12. Bc2 Re8 13. b3 Bf8 14. Bb2 g6 15. Rc1 Bh6 16. d5 c6 17.
c4 cxd5 18. cxd5 Rc8 19. Bb1 Nc5 20. Qe2 a5 21. Rcd1 Ba6 22. Rc1 b4 23. Qd1 Qd7 24.
Nh2 a4 25. Nhf3 a3 26. Ba1 Rc7 27. Rc2 Nd3 28. Rxc7 Qxc7 29. Bxd3 Bxd3 30. Nc4 Bxc4 31. Qc2 Rc8 32. bxc4 Qxc4 0-1

[Event "*** MasterClass Titled Tuesday Blitz"]
[Site "Chess.com"]
[Date "2017.11.07"]
[Round "4"]
[White "fidetrainerNET"]
[Black "pedromartinez91"]
[Result "0-1"]
[WhiteElo "2018"]
[BlackElo "2323"]
[TimeControl "180+2"]
[EndTime "15:00:17 PST"]
[Termination "pedromartinez91 won by checkmate"]

1. d4 Nf6 2. Nf3 g6 3. c4 Bg7 4.
Nc3 d5 5. Qb3 dxc4 6. Qxc4 O-O 7. e4 Bg4 8. Bf4 c6 9. Be2 Nbd7 10. O-O Nb6 11. Qd3 Bxf3 12. Bxf3 Nfd7 13. Rad1 e5 14. dxe5 Nxe5 15. Qe2 Qe7 16. Be3 Nbc4 17. Kh1 Nxe3 18. Qxe3 Nxf3 19. gxf3 Rfd8 20. Rxd8+ Rxd8 21. Rd1 Rxd1+ 22. Nxd1 Qh4 23. Qxa7 Be5 24. Kg2 Qxh2+ 25. Kf1 Qh3+ 26. Ke2 Qd7 27. Qb6 h5 28. Ne3 Kg7 29. Nc4 Bd4 30. Qb4 h4 31. Qe1 b5 32. Ne3 Bxb2 33. Qh1 Bf6 34.
f4 Qe6 35. e5 Qxa2+ 36. Kf3 Be7 37. f5 Bg5 38. f6+ Kg8 39. Kg4 Bxe3 40. Qxc6 Qe6+ 41.
Qxe6 fxe6 42. fxe3 b4 43. Kg5 Kf7 44. Kh6 h3 45. Kh7 h2 46. Kh8 h1=Q# 0-1

[Event "*** MasterClass Titled Tuesday Blitz"]
[Site "Chess.com"]
[Date "2017.11.07"]
[Round "4"]
[White "Sam_ChessMood"]
[Black "Cherone"]
[Result "1-0"]
[WhiteElo "2635"]
[BlackElo "2458"]
[TimeControl "180+2"]
[EndTime "15:00:28 PST"]
[Termination "Sam_ChessMood won by resignation"]

1. e4 c5 2. Nf3 e6 3. d4 cxd4 4.
Nxd4 a6 5. Bd3 Bc5 6. Nb3 Be7 7. Qg4 g6 8. Qe2 d6 9. c4 Nd7 10. O-O Qc7 11. Nc3 b6 12. a4 Nc5 13. Nxc5 bxc5 14. a5 Bd7 15. Bf4 Bf6 16. Qf3 Bxc3 17. bxc3 e5 18. Bg5 h6 19. Be3 g5 20. Rfb1 Ke7 21. Rb6 Nf6 22. Rab1 Rhb8 23. h4 g4 24. Qd1 h5 25.
Bg5 Rxb6 26. axb6 Qc6 27. Qd2 Rg8 28. b7 Qc7 29. Bxf6+ Kxf6 30. Qg5+ Rxg5 31. hxg5+ Kxg5 32. b8=Q 1-0

[Event "*** MasterClass Titled Tuesday Blitz"]
[Site "Chess.com"]
[Date "2017.11.07"]
[Round "4"]
[White "FairChess_on_YouTube"]
[Black "LaStreetCmaMaison"]
[Result "1-0"]
[WhiteElo "2780"]
[BlackElo "2595"]
[TimeControl "180+2"]
[EndTime "15:00:36 PST"]
[Termination "FairChess_on_YouTube won by checkmate"]

1. e4 e6 2. d4 d5 3. exd5 exd5 4. Nf3 Nf6 5. Bd3 Bd6 6. Qe2+ Qe7 7. Qxe7+ Bxe7 8. Bf4 c6 9. O-O h6 10. Re1 Be6 11. Nbd2 Nbd7 12. Nb3 a5 13. a4 g5 14. Bg3 Kd8 15. Ne5 Nh5 16. Ng6 Re8 17. Nxe7 Kxe7 18.
Bc7 b6 19. h3 Nf4 20. Bxf4 gxf4 21. Kh2 c5 22. Bb5 Kd6 23. Nd2 Rg8 24. Rad1 c4 25. Nf3 Rg7 26. Nh4 Rag8 27. Bxd7 Bxd7 28. Re5 Rg5 29.
Rde1 f6 30. Re7 f3 31. g4 h5 32. Nxf3 R5g6 33. Nh4 Rh6 34. Nf5+ Bxf5 35. gxf5 Re8 36. R1e6# 1-0

[Event "*** MasterClass Titled Tuesday Blitz"]
[Site "Chess.com"]
[Date "2017.11.07"]
[Round "4"]
[White "PositionalGenius"]
[Black "MFBerna"]
[Result "1-0"]
[WhiteElo "2414"]
[BlackElo "2311"]
[TimeControl "180+2"]
[EndTime "15:00:52 PST"]
[Termination "PositionalGenius won by resignation"]

1. e4 e5 2. Nf3 Nc6 3. d4 exd4 4. Nxd4 Qf6 5. Nf5 Nge7 6. Ne3 d6 7. Be2 Be6 8. Nc3 Ng6 9. Ned5 Qd8 10. O-O Qd7 11.
f4 f5 12. exf5 Bxf5 13. g4 Be6 14. f5 Bxd5 15. Nxd5 Nge5 16. Bg5 Qf7 17. Bb5 a6 18. Ba4 Kd7 19. Bb3 Qe8 20. f6 Qg6 21. h4 Qe4 22. Nf4 Nd4 23. Bd5 Qe3+ 24. Rf2 gxf6 25. Ng2 Qg3 26.
Bf4 Qxf2+ 27. Kxf2 c5 28. c3 Ne6 29. Bxe6+ Kxe6 30. Ne3 Be7 31. Qd5+ Kd7 32. Rd1 b5 33. Bxe5 fxe5 34. Nf5 Rhf8 35. Kg3 Rac8 36. Nxe7 1-0

[Event "*** MasterClass Titled Tuesday Blitz"]
[Site "Chess.com"]
[Date "2017.11.07"]
[Round "4"]
[White "NateSolon"]
[Black "SergeiAza"]
[Result "1-0"]
[WhiteElo "2382"]
[BlackElo "2623"]
[TimeControl "180+2"]
[EndTime "15:00:57 PST"]
[Termination "NateSolon won by checkmate"]

1. d4 Nf6 2. Bf4 d5 3. e3 c5 4.
Nc3 e6 5. Nb5 Na6 6. c3 cxd4 7.
exd4 Be7 8. Nf3 O-O 9. Bd3 Ne4 10. Qe2 Bd7 11. a4 f5 12. h3 Bc6 13. O-O Kh8 14. Ne5 Bg5 15. Bh2 Bh6 16. f3 Nf6 17. Nxc6 bxc6 18.
Qxe6 cxb5 19. Qxa6 Be3+ 20. Kh1 f4 21. axb5 Nh5 22. Qb7 Qb6 23. Qxd5 Qh6 24. b6 Rad8 25. Qb7 axb6 26. Ra6 Rb8 27. Qd5 Nf6 28. Qb5 Nh5 29.
Rfa1 Ng3+ 30. Bxg3 fxg3 31. Qd5 Rbd8 32. Qe4 Rde8 33.
Ra8 Rd8 34. Rxd8 Rxd8 35. Ra8 Qd6 36. Qxh7# 1-0

[Event "*** MasterClass Titled Tuesday Blitz"]
[Site "Chess.com"]
[Date "2017.11.07"]
[Round "4"]
[White "twitchTriniCupid"]
[Black "LonesomeGeorge1"]
[Result "0-1"]
[WhiteElo "2090"]
[BlackElo "2273"]
[TimeControl "180+2"]
[EndTime "15:01:00 PST"]
[Termination "LonesomeGeorge1 won by resignation"]

1. d4 d5 2. c4 Nc6 3. Nf3 Bg4 4.
e3 e5 5. Be2 exd4 6. Nxd4 Bxe2 7. Qxe2 Bb4+ 8. Nc3 Bxc3+ 9. bxc3 Nge7 10. O-O O-O 11. Ba3 Re8 12. Rab1 Na5 13. cxd5 Qxd5 14. Rfc1 b6 15. c4 Qd7 16. c5 Nf5 17. Nxf5 Qxf5 18. Bb4 Nb7 19. cxb6 cxb6 20. Bc3 Rac8 21. Bd4 Nd6 22. h3 h6 23. g4 Qd5 24. Qb2 Nc4 25. Qb3 Qe6 26. Rc2 a6 27. a4 Rc6 28. Rbc1 Rec8 29. Qb4 h5 30. f3 hxg4 31. hxg4 Qd5 32. f4 b5 33. axb5 axb5 34. Qe1 Qf3 35. Qf2 Qxg4+ 36.
Qg2 Qxg2+ 37. Kxg2 Nxe3+ 38. Bxe3 Rxc2+ 39. Rxc2 Rxc2+ 0-1

[Event "*** MasterClass Titled Tuesday Blitz"]
[Site "Chess.com"]
[Date "2017.11.07"]
[Round "4"]
[White "EndgameGrinder"]
[Black "VladDobrov"]
[Result "0-1"]
[WhiteElo "2494"]
[BlackElo "2660"]
[TimeControl "180+2"]
[EndTime "15:01:02 PST"]
[Termination "VladDobrov won by resignation"]

1. e4 c5 2. Nf3 d6 3. d4 cxd4 4. Nxd4 Nf6 5. Nc3 a6 6. Bg5 Nbd7 7. Qe2 h6 8. Bh4 Qc7 9. f4 g6 10. O-O-O Bg7 11. g4 e5 12. fxe5 dxe5 13. Nb3 O-O 14. g5 hxg5 15. Bxg5 Nb6 16. Qf2 Qc6 17. Bg2 Bg4 18.
Na5 Qe6 19. Rd2 Rac8 20. h3 Rxc3 21. bxc3 Qxa2 22. Qxb6 Be6 23. Nb3 Kh7 24. Rhd1 Rc8 25. Qb4 Bf8 26. Qa5 Ba3+ 27. Qxa3 Qxa3+ 28. Kb1 Bxb3 29. cxb3 Qxb3+ 30. Ka1 Qa3+ 31. Kb1 Rxc3 32. Bxf6 Rb3+ 33. Kc2 Rb2+ 0-1

[Event "*** MasterClass Titled Tuesday Blitz"]
[Site "Chess.com"]
[Date "2017.11.07"]
[Round "4"]
[White "BilodeauA"]
[Black "Oneofmyturns"]
[Result "1-0"]
[WhiteElo "2800"]
[BlackElo "2515"]
[TimeControl "180+2"]
[EndTime "15:01:10 PST"]
[Termination "BilodeauA won by resignation"]

1. e4 e5 2. Nf3 Nc6 3. Bb5 a6 4. Ba4 Nf6 5. O-O b5 6. Bb3 Bc5 7. a4 Rb8 8. c3 d6 9. d4 Bb6 10. h3 O-O 11. Re1 Re8 12. Ng5 Re7 13. Be3 h6 14.
Nf3 exd4 15. cxd4 Rxe4 16. axb5 axb5 17. Nc3 Re8 18. Nxb5 Bf5 19. Nc3 Nb4 20. Na4 Ba5 21. Nc3 Bb6 22. Ra4 c5 23. d5 Nd3 24. Re2 c4 25. Rxc4 Bxe3 26. fxe3 Qb6 27. Nd4 Bg6 28. Na4 Qa6 29. Rc6 Qa5 30. Rxd6 Qb4 31. Rc6 Rxe3 32. Rc4 Rxe2 33. Rxb4 Rxg2+ 34. Kxg2 Rxb4 35. Nc6 Rf4 36. Ne7+ Kh7 37. Nxg6 1-0

[Event "*** MasterClass Titled Tuesday Blitz"]
[Site "Chess.com"]
[Date "2017.11.07"]
[Round "4"]
[White "VerdeNotte"]
[Black "dretch"]
[Result "0-1"]
[WhiteElo "2663"]
[BlackElo "2587"]
[TimeControl "180+2"]
[EndTime "15:01:10 PST"]
[Termination "dretch won by resignation"]

1. e4 e6 2. d3 d5 3. Qe2 Nc6 4. Nf3 dxe4 5. dxe4 e5 6. c3 Nf6 7. b4 Bd6 8. Nbd2 O-O 9. Nc4 Bg4 10. h3 Bh5 11. b5 Nb8 12. Bg5 Nbd7 13. g4 Bg6 14.
Nfd2 a6 15. Nxd6 cxd6 16. Bg2 Qa5 17. O-O axb5 18. Rfd1 h6 19. Bh4 Rfc8 20. Nb3 Qxc3 21.
Rxd6 Qc4 22. Re1 Ra4 23. Qd1 Rc7 24. Bf1 Qb4 25. Qd2 Qxd2 26. Rxd2 Nxe4 27. Rb2 Nc3 28. Bg3 f6 29. h4 Rxg4 30. Bh3 Ra4 31. Nd2 Bf7 32. Nf1 Rxa2 33. Rxa2 Bxa2 34. Ne3 b4 35.
Nc2 b3 36. Be6+ Kf8 37. Nb4 Nc5 38. Bc4 b5 39. Bf1 b2 40. Nxa2 Nxa2 41. Rb1 Na4 42. Bxb5 Rc1+ 0-1

[Event "*** MasterClass Titled Tuesday Blitz"]
[Site "Chess.com"]
[Date "2017.11.07"]
[Round "4"]
[White "SCIM"]
[Black "evgenysharapov"]
[Result "1-0"]
[WhiteElo "2412"]
[BlackElo "2245"]
[TimeControl "180+2"]
[EndTime "15:01:11 PST"]
[Termination "SCIM won by resignation"]

1. d4 d5 2. c4 c6 3. Nf3 Nf6 4. e3 Bg4 5. Nc3 e6 6. Qb3 Qc7 7. Bd2 Bxf3 8. gxf3 Be7 9. Rc1 Qd7 10. Rg1 O-O 11. Qc2 Na6 12. a3 Nc7 13. f4 dxc4 14.
Bxc4 c5 15. dxc5 Bxc5 16. Ne4 Be7 17. Bc3 Nce8 18. Rd1 Qc6 19. Bd3 Kh8 20. Be5 Qxc2 21. Bxc2 Rc8 22. Bb1 Nd5 23. Ba2 f6 24. Bd4 b6 25. Nc3 Nec7 26. Nxd5 Nxd5 27. f5 Rfd8 28. fxe6 Nc7 29. Ke2 Kg8 30. Bxf6 Rxd1 31. Rxg7+ Kf8 32.
Rf7+ Kg8 33. Rxe7 Rg1 34. Rxc7 Rxc7 35. e7+ 1-0

[Event "*** MasterClass Titled Tuesday Blitz"]
[Site "Chess.com"]
[Date "2017.11.07"]
[Round "4"]
[White "aa175"]
[Black "northridgehawk"]
[Result "1-0"]
[WhiteElo "1858"]
[BlackElo "1943"]
[TimeControl "180+2"]
[EndTime "15:01:11 PST"]
[Termination "aa175 won by checkmate"]

1. e4 e5 2. Nf3 Nc6 3. Bc4 Nf6 4. d3 Bc5 5. h3 d6 6. O-O a6 7. a4 h6 8. c3 Ba7 9. Na3 g5 10. Nc2 g4 11. Nh4 Nxe4 12. dxe4 Qxh4 13. Be3 gxh3 14. g3 h2+ 15. Kh1 Qh3 16. Bxa7 Rxa7 17. Ne3 Rg8 18. Nd5 Rg6 19. Nxc7+ Kd8 20. Bxf7 Rf6 21. Ne6+ Ke7 22. Nc7 Bg4 23. Nd5+ Kxf7 24. f3 Bh5 25. Nxf6 Kxf6 26. Qxd6+ Qe6 27. Qf8+ Kg6 28. g4 Bxg4 29. fxg4 Ne7 30. Qf5+ Qxf5 31. gxf5+ Kf6 32. Kxh2 Ra8 33. Rad1 b5 34. Rd6+ Kf7 35. Rxh6 bxa4 36. f6 Ng6 37. Rh7+ Ke6 38. f7 Rf8 39. Rh6 Ke7 40. Rxg6 Rh8+ 41. Kg2 Rb8 42. f8=Q+ Rxf8 43. Rg7+ Kd6 44. Rxf8 Kc5 45. Rc7+ Kb5 46. Rb8+ Ka5 47. Rc5# 1-0

[Event "*** MasterClass Titled Tuesday Blitz"]
[Site "Chess.com"]
[Date "2017.11.07"]
[Round "4"]
[White "nicegg"]
[Black "P0ubelle"]
[Result "1-0"]
[WhiteElo "1992"]
[BlackElo "2202"]
[TimeControl "180+2"]
[EndTime "15:01:13 PST"]
[Termination "nicegg won by resignation"]

1. e4 e5 2. f4 exf4 3. Qf3 g5 4. h4 d5 5. hxg5 dxe4 6. Qxe4+ Qe7 7. Qxe7+ Bxe7 8. Nf3 Bg4 9. Nc3 Bxf3 10. gxf3 Bxg5 11. Nd5 Kd8 12. d4 Nc6 13. c3 Nge7 14. Bxf4 Bxf4 15.
Nxf4 Ng6 16. Nh5 Nce7 17. Nf6 h6 18. Bd3 Nf4 19. Be4 c6 20. Kf2 Ned5 21. Nxd5 cxd5 22. Bf5 Ke7 23. Rae1+ Kf6 24. Bc2 h5 25. Re5 h4 26.
Ke3 Ng2+ 27. Kf2 Nf4 28. Rf5+ Ke7 29. Rxf4 h3 30. Rg4 Rh6 31. Rg3 Rah8 32. Rh2 Kf6 33. Bb3 Rh5 34. f4 Kf5 35. Kf3 Kf6 36. Rg5 Rxg5 37.
fxg5+ Kxg5 38. Kg3 f5 39. Bxd5 f4+ 40. Kf3 Rd8 41.
Bxb7 Kh4 42. Be4 Rg8 43. Bf5 Rg3+ 44. Kf2 f3 45. Rxh3+ Rxh3 46. Bxh3 Kxh3 47. Kxf3 Kh4 48. Kf4 Kh5 49. Kf5 Kh6 50. Kf6 Kh7 51. Kf7 Kh6 52. d5 Kg5 53. d6 Kf4 54. d7 Ke3 55. d8=Q Ke2 56. Qd4 1-0

[Event "*** MasterClass Titled Tuesday Blitz"]
[Site "Chess.com"]
[Date "2017.11.07"]
[Round "4"]
[White "Shivagami"]
[Black "Vamostodorecto"]
[Result "1-0"]
[WhiteElo "2040"]
[BlackElo "2296"]
[TimeControl "180+2"]
[EndTime "15:01:24 PST"]
[Termination "Shivagami won by resignation"]

1. d4 Nf6 2. Bf4 g6 3. e3 Bg7 4. Nf3 O-O 5. Be2 d6 6. O-O c5 7. c3 b6 8. a4 a6 9. h3 Bb7 10.
Nbd2 Nbd7 11. Bh2 Ra7 12. Bd3 Qa8 13. Qb1 cxd4 14. exd4 Nd5 15. Re1 Bh6 16. Be4 N7f6 17. Bc2 Nf4 18. Bxf4 Bxf4 19. Ne4 Nd5 20. Qd1 Bh6 21. Ned2 Nf4 22. Rxe7 Nxh3+ 23. gxh3 Bxd2 24. Nxd2 Bh1 25. Be4 Bxe4 26. Rxe4 Qd5 27. c4 Qg5+ 28.
Kh2 Qf5 29. Qf3 Qd7 30. b3 d5 31. cxd5 Qxd5 32. Rc1 Rd7 33. Kh1 Qg5 34. Qe3 Qf5 35. Re5 Qf6 36. Ne4 Qd8 37. d5 f6 38. Re6 Rxd5 39. Rcc6 Rd1+ 40. Kg2 Qd5 41. Rcd6 Qb7 42. Rxd1 1-0

[Event "*** MasterClass Titled Tuesday Blitz"]
[Site "Chess.com"]
[Date "2017.11.07"]
[Round "4"]
[White "Incognito_Knight"]
[Black "Bigfish1995"]
[Result "0-1"]
[WhiteElo "2503"]
[BlackElo "2919"]
[TimeControl "180+2"]
[EndTime "15:01:26 PST"]
[Termination "Bigfish1995 won on time"]

1. e4 g6 2. d4 Bg7 3. Nf3 d6 4.
Bc4 Nf6 5. Qe2 O-O 6. e5 Ne8 7. O-O Bg4 8. h3 Bxf3 9. Qxf3 Nc6 10. Rd1 dxe5 11. dxe5 Nxe5 12. Qe2 Nd6 13. Bb3 Qc8 14.
Bf4 Qf5 15. Bh2 Nc6 16. c3 Be5 17. Bxe5 Qxe5 18. Qxe5 Nxe5 19. Re1 Nc6 20. Bd5 e6 21. Bxc6 bxc6 22. Nd2 Rfb8 23. b3 a5 24. a4 Kf8 25.
Re5 Ke7 26. Rc5 Kd7 27. Rd1 f6 28. f4 Ra6 29. Kf2 Ke7 30. Kf3 Nb7 31. Rc4 c5 32. Ne4 Rc6 33. b4 f5 34. Nxc5 Nxc5 35.
Rxc5 Rxc5 36. bxc5 Rb3 37. Rd3 c6 38. Ke3 Ra3 39. g3 Rxa4 40. Rd6 Rc4 41. Rxc6 Rxc3+ 42. Kd4 Rxg3 43. Rc7+ Kf6 44. Rxh7 Rf3 45. c6 Rxf4+ 46. Kc5 Rf1 47. Rh4 Rc1+ 48. Kd6 e5 49. c7 e4 50. Rh8 e3 51. c8=Q Rxc8 52. Rxc8 f4 53. Re8 a4 54. Kd5 a3 55. Re6+ Kg5 56. Re5+ Kh4 57. Ke4 a2 58. Ra5 e2 59. Kxf4 e1=Q 0-1

[Event "*** MasterClass Titled Tuesday Blitz"]
[Site "Chess.com"]
[Date "2017.11.07"]
[Round "4"]
[White "zane33"]
[Black "BergenChessAcademy"]
[Result "1-0"]
[WhiteElo "1913"]
[BlackElo "1565"]
[TimeControl "180+2"]
[EndTime "15:01:26 PST"]
[Termination "zane33 won by resignation"]

1. e4 c6 2. d4 d5 3. exd5 cxd5 4. c4 Nf6 5. Nc3 e6 6. Nf3 Nc6 7. Bg5 Bb4 8. Bd3 O-O 9. O-O dxc4 10. Bxc4 Be7 11.
Be3 Nb4 12. Qe2 b6 13. Ne5 Nfd5 14. a3 Nxc3 15. bxc3 Nd5 16. Rac1 Bb7 17. Bd3 Bf6 18. c4 Bxe5 19. dxe5 Nxe3 20. Qxe3 Qe7 21. c5 bxc5 22. Rxc5 Rac8 23. Ra5 Bd5 24. Rxa7 Qh4 25. Rb1 g6 26. a4 Rc3 27. Qd2 Qg4 28. Bf1 Rfc8 29. h3 Rxh3 30. a5 Rh5 31. Rb4 Qf5 32. Rf4 Qxe5 33. g3 Rf5 34. a6 Rxf4 35. Qxf4 Qh5 36. Bg2 Qd1+ 37. Kh2 Bxg2 38. Kxg2 Qd5+ 39. Kh2 Qh5+ 40. Kg1 Qb5 41. Qxf7+ 1-0

[Event "*** MasterClass Titled Tuesday Blitz"]
[Site "Chess.com"]
[Date "2017.11.07"]
[Round "4"]
[White "yurisolo"]
[Black "Robin-Side"]
[Result "1-0"]
[WhiteElo "2592"]
[BlackElo "2599"]
[TimeControl "180+2"]
[EndTime "15:01:30 PST"]
[Termination "yurisolo won on time"]

1. e4 g6 2. d4 Bg7 3. Nc3 e6 4. h4 h6 5. Be3 d5 6. e5 Ne7 7.
Nce2 Nf5 8. Qd2 c5 9. c3 Nc6 10.
Nf3 cxd4 11. cxd4 Nxe3 12. fxe3 Qe7 13. Nc3 a6 14. Na4 O-O 15. Rc1 Bd7 16. Nc5 b6 17. Nxd7 Qxd7 18. Bd3 Rfc8 19. h5 g5 20. Nh2 Ne7 21. O-O Rxc1 22. Rxc1 a5 23. Ng4 Rc8 24. Rf1 Nf5 25. Qf2 Rc7 26. g3 b5 27. Kg2 b4 28. Kh3 a4 29. Nh2 a3 30. bxa3 bxa3 31.
g4 Nh4 32. Rb1 Qc8 33. Qd2 Rc3 34. Kg3 Bf8 35. Nf1 Be7 36. Ba6 Qc6 37. Bd3 f6 38. Rb8+ Kg7 39. exf6+ Bxf6 40. Kf2 Qc7 41. Rb7 Qxb7 42.
Qxc3 Qb8 43. Qxa3 e5 44. Qb3 exd4 45. Qxb8 dxe3+ 46. Nxe3 1-0